 Dungeon Crawl Stone Soup version 0.29-a0-275-g389c0b56f3 (webtiles) character file.

Game seed: 18344404172126057322

152 zynnq the Chopper (level 5, 0/48 HPs)
             Began as a Hill Orc Monk on Mar 9, 2022.
             Slain by Pikel
             ... wielding a +1 whip of flaming
              (2 damage)
             ... on level 2 of the Dungeon on Aug 24, 2022.
             The game lasted 00:07:57 (3100 turns).

zynnq the Chopper (Hill Orc Monk)                   Turns: 3100, Time: 00:07:58

Health: 0/48       AC: 10    Str: 16    XL:     5   Next: 34%
Magic:  5/5        EV: 11    Int: 10    God:
Gold:   160        SH:  0    Dex: 13    Spells: 4/4 levels left

rFire   . . .      SeeInvis .   h - +1 mace (holy)
rCold   . . .      Faith    .   (no shield)
rNeg    . . .      Spirit   .   n - +0 ring mail
rPois   .          Reflect  .   g - +2 helmet
rElec   .          Harm     .   (no cloak)
rCorr   .          Rampage  .   f - +1 pair of gloves
Will    .....                   (no boots)
Stlth   +.........              (no amulet)
HPRegen 0.16/turn               (no ring)
MPRegen 0.09/turn               (no ring)

@: no status effects
A: no striking features
a: no special abilities


You were on level 2 of the Dungeon.
You visited 1 branch of the dungeon, and saw 6 of its levels.

You collected 160 gold pieces.

Inventory:

Hand Weapons
 h - a +1 mace of holy wrath (weapon)
Armour
 f - a +1 pair of gloves (worn)
 g - a +2 helmet (worn)
 n - a +0 ring mail (worn)
Jewellery
 o - an amulet of magic regeneration
Wands
 l - a wand of digging (6)
Potions
 j - a potion of brilliance


   Skills:
 * Level 5.0 Fighting
 * Level 5.4 Axes
 * Level 1.8 Armour
 + Level 3.0 Dodging
 - Level 1.6 Stealth


You had 4 spell levels left.
You didn't know any spells.
Your spell library contained the following spells:

 Spells                   Type           Power      Damage    Failure   Level
 Slow                     Hex            0%         N/A       56%         1
 Confusing Touch          Hex            0%         N/A       91%         3
 Vampiric Draining        Necr           0%         2d6       91%         3
 Dispel Undead            Necr           0%         3d6       100%        4


Dungeon Overview and Level Annotations

Branches:
Dungeon (6/15)             Temple (0/1) D:5

Altars:
Makhleb

Annotations:
D:2 Pikel
D:3 3 runed translucent doors, Ordine's ghost, amateur TeWr; Sigmund


Message History

You hit Pikel.
Pikel is lightly wounded.
Pikel completely misses you.
You closely miss Pikel.
Pikel is lightly wounded.
Pikel hits you with a +1 whip of flaming.
* * * LOW HITPOINT WARNING * * *
Pikel burns you.
* * * LOW HITPOINT WARNING * * *
You hit Pikel but do no damage.
Pikel is lightly wounded.
Pikel says, "You'll feel the lick of my whip!"
Pikel hits you but does no damage.
Pikel hits you with a +1 whip of flaming.
* * * LOW HITPOINT WARNING * * *
Pikel burns you.
* * * LOW HITPOINT WARNING * * *
You hit Pikel.
Pikel is moderately wounded.
Pikel hits you but does no damage.
You hit Pikel but do no damage.
Pikel is moderately wounded.
Pikel barely misses you.
You barely miss Pikel.
Pikel is moderately wounded.
Pikel says, "You'll freeze in Cocytus!"
Pikel hits you but does no damage.
You hit Pikel.
Pikel is heavily wounded.
Pikel hits you with a +1 whip of flaming.
* * * LOW HITPOINT WARNING * * *
Pikel burns you.
* * * LOW HITPOINT WARNING * * *
Pikel hits you but does no damage.
You hit Pikel.
Pikel is heavily wounded.
Pikel hits you with a +1 whip of flaming.
* * * LOW HITPOINT WARNING * * *
Pikel burns you.
You die...

######....##..####.#
#<# #.............#
### #.............#
#.......>.....#
#####..†......#
##########.........#
.........'§§§..§...#
##########§.§§§....#
#§§§§.K@..#
#§§§§.....#
###########


You could see Pikel.

Vanquished Creatures
  A necrophage (D:6)
  An iguana (D:3)
  2 adders
  A dart slug (D:1)
  8 ball pythons
  A bat (D:2)
  4 endoplasms
  A giant cockroach (D:4)
  4 hobgoblins
  2 jackals (D:2)
  2 quokkas (D:1)
  2 frilled lizards (D:2)
  9 goblins
  4 kobolds (D:1)
  4 rats
46 creatures vanquished.

Notes
Turn   | Place    | Note
-------+----------+-------------------------------------------
     0 | D:1      | zynnq the Hill Orc Monk began the quest for the Orb.
     0 | D:1      | Reached XP level 1. HP: 19/19 MP: 1/1
   294 | D:1      | Reached XP level 2. HP: 27/27 MP: 2/2
   833 | D:2      | Reached XP level 3. HP: 29/33 MP: 3/3
  1477 | D:2      | Got the Papyrus of Dark Beguiling
  1526 | D:2      | Reached skill level 1 in Armour
  1854 | D:3      | Found a burning altar of Makhleb.
  1913 | D:3      | Found a runed translucent gate.
  1915 | D:3      | Found a runed translucent gate.
  1917 | D:3      | Noticed Ordine's ghost (amateur TeWr)
  1938 | D:3      | Noticed a kobold brigand
  1988 | D:3      | Reached skill level 5 in Axes
  1988 | D:3      | Reached XP level 4. HP: 41/41 MP: 4/4
  2050 | D:3      | Found a faded altar of an unknown god.
  2050 | D:3      | Noticed Sigmund
  2051 | D:3      | Noticed a shining eye
  2052 | D:3      | Noticed a golden eye
  2061 | D:3      | Noticed a floating eye
  2061 | D:3      | You fall into a shaft and drop 3 floors!
  2067 | D:6      | Noticed a necrophage
  2077 | D:6      | Killed a necrophage
  2078 | D:6      | Reached XP level 5. HP: 47/47 MP: 5/5
  2103 | D:5      | Entered Level 5 of the Dungeon
  2127 | D:5      | Found a staircase to the Ecumenical Temple.
  2161 | D:4      | Noticed Pikel
  2161 | D:4      | Noticed a lemure
  2161 | D:4      | Noticed a lemure
  2161 | D:4      | Noticed a lemure
  2161 | D:4      | Noticed a lemure
  2173 | D:3      | HP: 1/47 [iguana (10)]
  2375 | D:3      | Found a runed translucent gate.
  2556 | D:4      | Reached skill level 5 in Fighting
  3100 | D:2      | HP: 2/48 [Pikel/+1 whip of flaming (4)]
  3100 | D:2      | Slain by Pikel

Illustrated notes

Levels and vault maps discovered:
D:1:      amcnicky_arrival_flooded_fountain, layout_basic
D:2:      layout_basic, minmay_goblin_outpost
D:3:      layout_basic, bloody_makhleb, hellmonk_ecumenical_altar_watching_god,
          gammafunk_ghost_split, chequers_mini_garden, uniq_sigmund
D:4:      layout_rooms, zin_academy, minmay_fractal_squares_gapless_5,
          uniq_pikel, uniq_blork_the_orc
D:5:      layout_basic, nicolae_hepliaklqana_hazy_memory,
          minmay_temple_entry_sparse_star, gup_sewer_entry_glass, abandoned_shop
D:6:      layout_loops_cross, cheibrodos_ashenzari_chains, minitemple

Skill      XL: |  1  2  3  4  5 |
---------------+----------------+-----
Fighting       | 4 5 |  5.0
Armour         | 1 |  1.8
Axes           | 5 |  5.4
Dodging        | 3 |  3.0
Stealth        | |  1.6

Action                   |  1- 3 |  4- 6 || total
-------------------------+-------+-------++-------
Melee: Hand axe          |    22 |       ||    22
       Mace              |    83 |    63 ||   146
       Punch             |       |     2 ||     2
  Use: Scroll            |       |     5 ||     5
       Potion            |       |     4 ||     4
 Stab: Sleeping          |     2 |       ||     2
Armor: Robe              |    31 |       ||    31
       Ring mail         |    19 |    94 ||   113
       Skin              |       |     2 ||     2
Dodge: Dodged            |    97 |   126 ||   223

Table legend: (Time is in decaauts)
 A = Elapsed time spent in this place.
 B = Non-inter-level travel time spent in this place.
 C = Inter-level travel time spent in this place.
 D = Time resting spent in this place.
 E = Time spent auto-exploring this place.
 F = Levels seen in this place.
 G = Mean time per level.
                   A        B        C        D        E       F      G
               +--------+--------+--------+--------+--------+-----+--------+
         Total |   3145 |   3052 |     93 |      0 |   2342 |   6 |  524.2 |
       Dungeon |   3145 |   3052 |     93 |      0 |   2342 |   6 |  524.2 |
               +--------+--------+--------+--------+--------+-----+--------+

Top non-repeatable levels by time:
     D:2: 1333 daAuts
     D:3: 991 daAuts
     D:1: 698 daAuts
     D:5: 57 daAuts
     D:6: 42 daAuts
     D:4: 20 daAuts
